 Dungeon Crawl Stone Soup version 0.23-a0-407-g92528d7 (webtiles) character file.

1267 FrankyJ the Thaumaturge (level 8, -1/52 HPs)
             Began as a Formicid Venom Mage on Oct 31, 2018.
             Shot with an arrow by a centaur (12 damage)
             ... on level 6 of the Dungeon on Nov 7, 2018.
             The game lasted 00:31:51 (8118 turns).

FrankyJ the Thaumaturge (Formicid Venom Mage)       Turns: 8118, Time: 00:31:52

Health: -1/52      AC:  4    Str: 12    XL:     8   Next: 82%
Magic:  19/21      EV: 12    Int: 18    God:
Gold:   279        SH:  0    Dex: 11    Spells: 5/25 levels left

rFire    + . .     SeeInvis +   A - +4 dagger (speed)
rCold    . . .     Gourm    .   (no shield)
rNeg     . . .     Faith    .   a - +0 robe
rPois    .         Spirit   .   (helmet unavailable)
rElec    .         Reflect  .   j - +1 cloak
rCorr    .         Harm     .   (no gloves)
MR       .....                  (no boots)
Stlth    ++........             (no amulet)
HPRegen  0.17/turn              p - ring of protection from fire
MPRegen  0.17/turn              (no ring)

@: no status effects
A: permanent stasis, dig shafts and tunnels, four strong arms, antennae 3
a: Dig, Shaft Self


You were on level 6 of the Dungeon.
You were not hungry.

You visited 2 branches of the dungeon, and saw 7 of its levels.

You collected 279 gold pieces.

Inventory:

Hand Weapons
 A - a +4 dagger of speed (weapon)
Missiles
 m - 3 tomahawks of returning (quivered)
 C - 5 tomahawks
Armour
 a - a +0 robe (worn)
 j - a +1 cloak (worn)
Magical Staves
 u - an uncursed staff of death
Jewellery
 p - a ring of protection from fire (left hand)
 v - an uncursed ring of resist corrosion
Wands
 o - a wand of flame (3)
 y - a wand of digging (6)
 E - a wand of enslavement (17)
Scrolls
 f - 2 scrolls of remove curse
 g - a scroll of enchant armour
 s - 2 scrolls of magic mapping
Potions
 d - 2 potions of ambrosia
 h - a potion of curing
 i - 2 potions of resistance
 n - 2 potions of lignification
 q - a potion of haste {unknown}
 r - 3 potions of heal wounds
 t - a potion of brilliance {unknown}
 x - a potion of magic {unknown}
 z - 2 potions of agility {unknown}
 D - a potion of berserk rage {unknown}
Comestibles
 b - 3 chunks of flesh
 c - 10 rations


   Skills:
 - Level 2.0 Dodging
 - Level 4.0 Stealth
 - Level 9.1 Spellcasting
 - Level 1.0 Conjurations
 + Level 4.3 Hexes
 - Level 4.0 Poison Magic


You had 5 spell levels left.
You knew the following spells:

 Your Spells              Type           Power        Failure   Level  Hunger
a - Sting                 Conj/Pois      ###.         3%          1    None
b - Poisonous Vapours     Pois/Air       ###...       6%          2    None
c - Mephitic Cloud        Conj/Pois/Air  ##......     13%         3    None
d - Olgreb's Toxic Radia  Pois           ###.....     17%         4    ###....
e - Venom Bolt            Conj/Pois      ###.......   65%         5    #####..
f - Ensorcelled Hibernat  Hex/Ice        ###...       5%          2    None
g - Confuse               Hex            ###.....     4%          3    None

Your spell library contained the following spells:

 Spells                   Type           Power        Failure   Level  Hunger
 Corona                   Hex            ###....      1%          1    None
 Tukima's Dance           Hex            ###.....     4%          3    None
 Dazzling Spray           Conj/Hex       ###...       9%          3    None


Dungeon Overview and Level Annotations

Branches:
Dungeon (6/15)             Temple (1/1) D:4

Altars:
Ashenzari
Cheibriados
Dithmenos
Kikubaaqudgha
Makhleb
Nemelex Xobeh
Okawaru
Qazlal
Sif Muna
Uskayaw
Xom
Yredelemnul
Zin
The Shining One

Shops:
D:4 :


Innate Abilities, Weirdness & Mutations

You cannot be hasted, slowed, berserked, paralysed or teleported.
You can dig through walls and to a lower floor.
Your four strong arms can wield two-handed weapons with a shield.
You have a pair of large antennae on your head. (SInv)


Message History

You see here a +0 whip.
You see here a +0 whip.
There is a stone staircase leading down here.
You climb downwards.
The centaur wields a +0 shortbow.
The centaur shoots an arrow.
The arrow hits you!!
The centaur shoots an arrow.
The arrow hits you!
There is a stone staircase leading up, spattered with blood here.
You see here 2 arrows.
Casting: Poisonous Vapours (safe; 6% risk of failure)
Confirm with . or Enter, or press ? or * to list all spells.
Aiming: Poisonous Vapours (safe; 6% risk of failure)
Press: ? - help, Dir - move target cursor, f - centaur
Aim: a centaur, wielding a +0 shortbow Poisonous vapours surround the centaur!
The centaur is engulfed in poison gas.
The centaur is poisoned.
The centaur shoots an arrow.
The arrow hits you!
* * * LOW HITPOINT WARNING * * *
The centaur is engulfed in poison gas.
The centaur looks even sicker.
The centaur shoots an arrow.
The arrow barely misses you.
The centaur shoots an arrow.
The arrow hits you!
You die...

. .# # ####..#
#. ......#
#.###[.....#
#.(....c....
#..@..)....#
#...(..........#
#####..........#
#.....$....#
##.##...##.. ..
...# # ### ...#
##.#


You could see a centaur.

Vanquished Creatures
  Eustachio (D:5)
  Duvessa (D:5)
  A sky beast (D:5)
  An ogre (D:4)
  Dowan (D:5)
  3 scorpions
  3 orc priests
  3 hounds (D:5)
  An iguana (D:4)
  An iron imp (D:3)
  4 orc wizards
  2 worker ants
  2 hound skeletons
  Robin (D:3)
  4 adders
  6 gnolls
  An ooze (D:1)
  An adder skeleton (D:4)
  3 worms
  3 dart slugs
  A leopard gecko (D:3)
  22 orcs
  A bat zombie (D:5)
  3 giant cockroaches
  14 goblins
  6 hobgoblins
  9 jackals
  8 quokkas
  2 ball pythons
  2 bats
  2 frilled lizards (D:1)
  3 kobolds
  5 rats
  A rat zombie (D:5)
122 creatures vanquished.

Vanquished Creatures (others)
  2 plants (D:3)
2 creatures vanquished.

Grand Total: 124 creatures vanquished

Notes
Turn   | Place    | Note
-------+----------+-------------------------------------------
     0 | D:1      | FrankyJ the Formicid Venom Mage began the quest for the
                  | Orb.
     0 | D:1      | Reached XP level 1. HP: 13/13 MP: 3/3
   270 | D:1      | Reached skill level 1 in Conjurations
   557 | D:1      | Reached XP level 2. HP: 15/19 MP: 5/5
   603 | D:1      | Learned a level 2 spell: Poisonous Vapours
  1729 | D:2      | Reached XP level 3. HP: 24/24 MP: 1/6
  2044 | D:2      | Upgraded the game from 0.23-a0-394-g6ce9549 to
                  | 0.23-a0-395-gcf17ac6
  2696 | D:3      | Found a burning altar of Makhleb.
  2754 | D:3      | Reached skill level 3 in Spellcasting
  2754 | D:3      | Reached XP level 4. HP: 23/30 MP: 9/9
  3131 | D:3      | Noticed Robin
  3139 | D:3      | Killed Robin
  3316 | D:3      | Reached XP level 5. HP: 34/35 MP: 7/10
  3329 | D:3      | Learned a level 3 spell: Mephitic Cloud
  3337 | D:3      | Reached skill level 4 in Spellcasting
  4203 | D:3      | Reached skill level 5 in Spellcasting
  4210 | D:3      | Reached XP level 6. HP: 41/41 MP: 2/13
  4302 | D:3      | Learned a level 4 spell: Olgreb's Toxic Radiance
  4308 | D:3      | Learned a level 5 spell: Venom Bolt
  4591 | D:4      | HP: 1/41 [orc priest/nerve-wracking pain (10)]
  4938 | D:4      | Found a staircase to the Ecumenical Temple.
  5015 | Temple   | Entered the Ecumenical Temple
  5196 | D:4      | Reached skill level 6 in Spellcasting
  5236 | D:4      | Found Qinouk's Book Emporium.
  5271 | D:4      | Reached XP level 7. HP: 46/46 MP: 10/16
  5572 | D:4      | Reached skill level 7 in Spellcasting
  6293 | D:5      | Entered Level 5 of the Dungeon
  6386 | D:5      | Found an ancient bone altar of Kikubaaqudgha.
  6394 | D:5      | Upgraded the game from 0.23-a0-395-gcf17ac6 to
                  | 0.23-a0-404-g0063841
  6394 | D:5      | Upgraded the game from 0.23-a0-404-g0063841 to
                  | 0.23-a0-405-g368ce00
  6394 | D:5      | Upgraded the game from 0.23-a0-405-g368ce00 to
                  | 0.23-a0-407-g92528d7
  6424 | D:5      | Noticed Duvessa
  6430 | D:5      | Noticed Dowan
  6448 | D:5      | Killed Duvessa
  6448 | D:5      | Reached skill level 8 in Spellcasting
  6459 | D:5      | Killed Dowan
  6459 | D:5      | Reached XP level 8. HP: 35/52 MP: 8/20
  6782 | D:5      | Learned a level 2 spell: Ensorcelled Hibernation
  6786 | D:5      | Learned a level 3 spell: Confuse
  7283 | D:5      | Reached skill level 9 in Spellcasting
  7426 | D:5      | Found a deep blue altar of Sif Muna.
  7497 | D:5      | Reached skill level 1 in Hexes
  7921 | D:6      | Noticed Eustachio
  7935 | D:5      | Killed Eustachio
  8118 | D:6      | Shot with an arrow by a centaur

Vault maps used:
D:1:      dpeg_arrival_arbitrary_a
D:3:      wad_woods_tower, demons_altar, first_ration, uniq_robin
D:4:      minmay_temple_entry_poolview, serial_shops, shop
D:5:      lemuel_zombie_altar_kikubaaqudgha, led_sif_book, uniq_duvessa
D:6:      old_standard_altar, lemuel_crystal_altar, elyvilon_altar_3,
          minmay_misc_feat_rugged, st_stairs_9, minmay_stone_trees_small,
          uniq_edmund, uniq_eustachio, uniq_crazy_yiuf_cottage,
          uniq_prince_ribbit1
Temple:   nicolae_temple_hex_pool

Skill      XL: |  1  2  3  4  5  6  7  8 |
---------------+-------------------------+-----
Conjurations   | 1 |  1.0
Dodging        | 2 |  2.0
Stealth        | 3 4 |  4.0
Spellcasting   | 3 5 6 8 9 |  9.1
Hexes          | 4 |  4.3
Poison Magic   | |  4.0

Action                   |  1- 3 |  4- 6 |  7- 9 || total
-------------------------+-------+-------+-------++-------
Melee: Club              |    15 |       |       ||    15
       Unarmed           |     4 |       |       ||     4
       Short sword       |    17 |       |       ||    17
       Dagger            |    38 |    53 |    72 ||   163
 Cast: Sting             |    15 |     4 |     7 ||    26
       Poisonous Vapours |    13 |    63 |    63 ||   139
       Mephitic Cloud    |       |     2 |     1 ||     3
       Ensorcelled Hiber |       |       |     9 ||     9
       Olgreb's Toxic Ra |       |       |     2 ||     2
 Abil: Dig               |     3 |       |    11 ||    14
  Use: Potion            |     1 |     1 |     2 ||     4
       Scroll            |       |       |    12 ||    12
 Stab: Sleeping          |     3 |     3 |     8 ||    14
  Eat: Chunk             |     7 |     8 |    12 ||    27
Armor: Robe              |     9 |     8 |    15 ||    32
Dodge: Dodged            |    45 |    34 |    60 ||   139

Table legend:
 A = Non-vault XP
 B = Vault XP
 C = Vault XP percentage of total XP
 D = Non-vault monster count
 E = Vault monster count
 F = Vault count percentage of total count
                 A         B        C        D         E       F
            +---------+---------+-------+---------+---------+-------
      Total |    1208 |     603 |  33.3 |      96 |      26 |  21.3
            +---------+---------+-------+---------+---------+-------
        D:1 |      26 |       0 |   0.0 |      14 |       0 |   0.0
        D:2 |      18 |       0 |   0.0 |      10 |       0 |   0.0
        D:3 |     142 |     111 |  43.9 |      20 |      19 |  48.7
        D:4 |     562 |       0 |   0.0 |      29 |       0 |   0.0
        D:5 |     414 |     492 |  54.3 |      21 |       7 |  25.0
        D:6 |      46 |       0 |   0.0 |       2 |       0 |   0.0
            +---------+---------+-------+---------+---------+-------
